NCAA
CALIFORNIA GOLDEN BEARS @ TEXAS A&M AGGIES
05/04/2028
 
TOP OF THE 1ST
California Golden Bears batting - Pitching for Texas A&M Aggies : RHP Will Sizemore
Pitching: RHP Will Sizemore
Batting: RHB Johnny Phillips 0-0: Called Strike
0-1: Ball
1-1: Ball
2-1: Ball
3-1: Base on Balls
Batting: RHB Cal Cox 0-0: Ball
1-0: Foul Ball, location: 2F
1-1: Fielders Choice at 2nd, 1-6 (Groundball, P)
Batting: RHB Sergio González 0-0: Called Strike
0-1: Ball
1-1: Foul Ball, location: 2F
1-2: SINGLE (Groundball, 6D)
Cal Cox to second
Batting: LHB B.J. Ware 0-0: Called Strike
0-1: Ball
1-1: Ball
2-1: Called Strike
2-2: Foul Ball, location: 2F
2-2: Fielders Choice at 2nd, 4-6 (Groundball, 34)
Cal Cox to third
Batting: RHB Phil Cabrera 0-0: Called Strike
0-1: Foul Ball, location: 2F
Pickoff Throw to First - Out!
Top of the 1st over - 0 run(s), 1 hit(s), 0 error(s), 0 left on base; California 0 - Texas A&M 0
BOTTOM OF THE 1ST
Texas A&M Aggies batting - Pitching for California Golden Bears : LHP Keith O'Higgins
Pitching: LHP Keith O'Higgins
Batting: RHB Irwin Robinson 0-0: Called Strike
0-1: Foul Ball, location: 2F
0-2: Ground out 5-3 (Groundball, 56S)
Batting: RHB Júlio Hobbs 0-0: Foul Ball, location: 2F
0-1: Ball
1-1: Ball
2-1: Ball
3-1: Fly out, F8 (Flyball, 8LM)
Batting: LHB Edward Bennett 0-0: Fly out, F2 (Popup, 25)
Bottom of the 1st over - 0 run(s), 0 hit(s), 0 error(s), 0 left on base; California 0 - Texas A&M 0
TOP OF THE 2ND
California Golden Bears batting - Pitching for Texas A&M Aggies : RHP Will Sizemore
Batting: RHB Phil Cabrera 0-0: Foul Ball, location: 2F
0-1: Ball
1-1: Foul Ball, location: 2F
1-2: Ball
2-2: SINGLE (Groundball, 56S) (infield hit)
Batting: SHB Dan Morse 0-0: Called Strike
0-1: Ball
1-1: Ball
2-1: Ball
3-1: Foul Ball, location: 2F
3-2: Foul Ball, location: 2F
3-2: Base on Balls
Phil Cabrera to second
Batting: RHB Daniel Moody 0-0: Called Strike
0-1: 3-RUN HOME RUN (Flyball, 7D), Distance : 367 ft
Batting: RHB Mike Hammond 0-0: Foul Ball, location: 2F
0-1: Ball
1-1: Foul Ball, location: 2F
1-2: Ball
2-2: Foul Ball, location: 2F
2-2: Strikes out swinging
Batting: RHB Cisco Villa 0-0: Ball
1-0: Foul Ball, location: 2F
1-1: Called Strike
1-2: Strikes out swinging
Batting: RHB Johnny Phillips 0-0: Foul Ball, location: 2F
0-1: Swinging Strike
0-2: Foul Ball, location: 2F
0-2: Ball
1-2: Fly out, F4 (Line Drive, 4M)
Top of the 2nd over - 3 run(s), 2 hit(s), 0 error(s), 0 left on base; California 3 - Texas A&M 0
BOTTOM OF THE 2ND
Texas A&M Aggies batting - Pitching for California Golden Bears : LHP Keith O'Higgins
Batting: RHB William Dyer 0-0: Ball
1-0: Foul Ball, location: 2F
1-1: Ground out 5-3 (Groundball, 5)
Batting: RHB Jason Lawson 0-0: Ground out 4-3 (Groundball, 4)
Batting: RHB Anthony Graham 0-0: Ball
1-0: Ball
2-0: Swinging Strike
2-1: Called Strike
2-2: Ball
3-2: Strikes out swinging
Bottom of the 2nd over - 0 run(s), 0 hit(s), 0 error(s), 0 left on base; California 3 - Texas A&M 0
TOP OF THE 3RD
California Golden Bears batting - Pitching for Texas A&M Aggies : RHP Will Sizemore
Batting: RHB Cal Cox 0-0: Ball
1-0: Ball
2-0: Called Strike
2-1: Ball
3-1: Swinging Strike
3-2: Ground out 5-3 (Groundball, 56)
Batting: RHB Sergio González 0-0: Ground out 4-3 (Groundball, 4M)
Batting: LHB B.J. Ware 0-0: Ball
1-0: Called Strike
1-1: Called Strike
1-2: Strikes out swinging
Top of the 3rd over - 0 run(s), 0 hit(s), 0 error(s), 0 left on base; California 3 - Texas A&M 0
BOTTOM OF THE 3RD
Texas A&M Aggies batting - Pitching for California Golden Bears : LHP Keith O'Higgins
Batting: RHB Daniel Pineda 0-0: Ball
1-0: Ball
2-0: Swinging Strike
2-1: Foul Ball, location: 2F
2-2: Strikes out swinging
Batting: RHB Jack Gillespie 0-0: Ball
1-0: Foul Ball, location: 2F
1-1: Ball
2-1: Foul Ball, location: 2F
2-2: Ball
3-2: Base on Balls
Batting: RHB Pat Thomas 0-0: Ball
1-0: Called Strike
1-1: Ball
2-1: Called Strike
2-2: Ball
3-2: Foul Ball, location: 2F
3-2: Foul Ball, location: 2F
3-2: Strikes out looking
Batting: RHB Irwin Robinson 0-0: Swinging Strike
0-1: Called Strike
0-2: Ball
1-2: Ground out 5-3 (Groundball, 5S)
Bottom of the 3rd over - 0 run(s), 0 hit(s), 0 error(s), 1 left on base; California 3 - Texas A&M 0
TOP OF THE 4TH
California Golden Bears batting - Pitching for Texas A&M Aggies : RHP Will Sizemore
Batting: RHB Phil Cabrera 0-0: Fly out, F7 (Flyball, 7)
Batting: SHB Dan Morse 0-0: Ball
1-0: Ball
2-0: SINGLE (Line Drive, 9LS)
Batting: RHB Daniel Moody 0-0: Called Strike
0-1: Ball
1-1: Called Strike
1-2: Strikes out swinging
Batting: RHB Mike Hammond 0-0: Called Strike
0-1: Swinging Strike
0-2: Strikes out looking
Top of the 4th over - 0 run(s), 1 hit(s), 0 error(s), 1 left on base; California 3 - Texas A&M 0
BOTTOM OF THE 4TH
Texas A&M Aggies batting - Pitching for California Golden Bears : LHP Keith O'Higgins
Batting: RHB Júlio Hobbs 0-0: Called Strike
0-1: Ball
1-1: Ball
2-1: Ball
3-1: Base on Balls
Batting: LHB Edward Bennett 0-0: Ball
1-0: Called Strike
1-1: Ball
2-1: Fly out, F8 (Flyball, 8LD)
Batting: RHB William Dyer 0-0: Called Strike
0-1: SINGLE (Groundball, 6MD)
Júlio Hobbs to second
Batting: RHB Jason Lawson 0-0: Foul Ball, location: 2F
0-1: Ball
Wild Pitch!
Júlio Hobbs to third
William Dyer to second
1-1: Ball
2-1: Ball
3-1: Ground out 1-3 (Groundball, 13)
Batting: RHB Anthony Graham 0-0: Ball
1-0: SINGLE (Groundball, 6MD)
Júlio Hobbs scores
William Dyer to third
Runner from 3rd tries for Home, SAFE, no throw
Batting: RHB Daniel Pineda 0-0: Swinging Strike
0-1: SINGLE (Line Drive, 4MD)
Anthony Graham to second
Batting: RHB Jack Gillespie 0-0: Ball
1-0: Ball
2-0: 3-RUN HOME RUN (Flyball, 7D), Distance : 342 ft
Batting: RHB Pat Thomas 0-0: Ball
1-0: Fly out, F8 (Flyball, 89S)
Bottom of the 4th over - 5 run(s), 4 hit(s), 0 error(s), 0 left on base; California 3 - Texas A&M 5
TOP OF THE 5TH
California Golden Bears batting - Pitching for Texas A&M Aggies : RHP Will Sizemore
Batting: RHB Cisco Villa 0-0: Fly out, F9 (Flyball, 89M)
Batting: RHB Johnny Phillips 0-0: Foul Ball, location: 2F
0-1: Swinging Strike
0-2: Ball
1-2: Ball
2-2: Foul Ball, location: 2F
2-2: Ball
3-2: Fly out, F7 (Flyball, 78S)
Batting: RHB Cal Cox 0-0: Called Strike
0-1: Foul Ball, location: 2F
0-2: Ball
1-2: Strikes out swinging
Top of the 5th over - 0 run(s), 0 hit(s), 0 error(s), 0 left on base; California 3 - Texas A&M 5
BOTTOM OF THE 5TH
Texas A&M Aggies batting - Pitching for California Golden Bears : LHP Keith O'Higgins
Pitching: RHP Dexter Miller
Batting: RHB Irwin Robinson 0-0: Ball
1-0: Ball
2-0: Ball
3-0: Base on Balls
Batting: RHB Júlio Hobbs 0-0: Ball
1-0: Called Strike
Irwin Robinson steals 2nd base
1-1: Ball
Passed Ball!
Irwin Robinson to third
2-1: Fly out, F6 (Line Drive, 6M)
Batting: LHB Edward Bennett 0-0: Ball
1-0: Called Strike
1-1: Swinging Strike
1-2: Foul Ball, location: 2F
1-2: Ball
2-2: Ball
3-2: Base on Balls
Batting: RHB William Dyer 0-0: Ball
1-0: Called Strike
Edward Bennett steals 2nd base
1-1: Swinging Strike
1-2: Foul Ball, location: 2F
1-2: Ball
2-2: Foul Ball, location: 2F
2-2: SINGLE (Groundball, 4MD)
Irwin Robinson scores
Edward Bennett to third
Runner from 3rd tries for Home, SAFE, no throw
Batting: RHB Jason Lawson 0-0: Ball
1-0: Called Strike
1-1: SINGLE (Groundball, 34) (infield hit)
William Dyer to second
Batting: RHB Anthony Graham 0-0: Ball
1-0: Swinging Strike
1-1: Ball
2-1: Ball
3-1: Called Strike
3-2: Base on Balls
William Dyer to third
Jason Lawson to second
Batting: RHB Daniel Pineda 0-0: Ball
1-0: Ball
2-0: Ball
3-0: Base on Balls
William Dyer scores
Jason Lawson to third
Anthony Graham to second
Pitching: LHP Dexter Hubert
Batting: RHB Jack Gillespie 0-0: Called Strike
0-1: Swinging Strike
0-2: Strikes out looking
Batting: RHB Pat Thomas 0-0: Ball
1-0: Ball
2-0: Ball
3-0: Called Strike
3-1: GRAND SLAM HOME RUN (Flyball, 89XD), Distance : 384 ft
Batting: RHB Irwin Robinson 0-0: Ball
1-0: Ball
2-0: Called Strike
2-1: Foul Ball, location: 2F
2-2: Ball
3-2: Foul Ball, location: 2F
3-2: Foul Ball, location: 2F
3-2: Base on Balls
Batting: RHB Júlio Hobbs 0-0: Ball
1-0: Ball
2-0: Fly out, F9 (Flyball, 9)
Bottom of the 5th over - 7 run(s), 3 hit(s), 0 error(s), 1 left on base; California 3 - Texas A&M 12
TOP OF THE 6TH
California Golden Bears batting - Pitching for Texas A&M Aggies : RHP Will Sizemore
Pitching: LHP Dan Riggs
Batting: RHB Sergio González 0-0: Called Strike
0-1: Ball
1-1: Swinging Strike
1-2: Strikes out looking
Batting: LHB B.J. Ware 0-0: Ball
1-0: Fly out, F8 (Flyball, 8RM)
Batting: RHB Phil Cabrera 0-0: Called Strike
0-1: Swinging Strike
0-2: Strikes out looking
Top of the 6th over - 0 run(s), 0 hit(s), 0 error(s), 0 left on base; California 3 - Texas A&M 12
BOTTOM OF THE 6TH
Texas A&M Aggies batting - Pitching for California Golden Bears : LHP Dexter Hubert
Batting: LHB Edward Bennett 0-0: Ball
1-0: Ball
2-0: SINGLE (Line Drive, 6MD)
Batting: RHB William Dyer 0-0: Ball
1-0: Ball
2-0: Ball
3-0: Base on Balls
Edward Bennett to second
Batting: RHB Jason Lawson 0-0: Ball
1-0: Fly out, F7 (Flyball, 7)
Batting: RHB Anthony Graham 0-0: Ball
1-0: Ball
2-0: Called Strike
2-1: Swinging Strike
2-2: Ball
3-2: Strikes out swinging
Batting: RHB Daniel Pineda 0-0: Ball
Passed Ball!
Edward Bennett to third
William Dyer to second
1-0: Ball
2-0: Ball
3-0: Called Strike
3-1: Swinging Strike
3-2: Base on Balls
Batting: RHB Jack Gillespie 0-0: Swinging Strike
0-1: Swinging Strike
0-2: Strikes out swinging
Bottom of the 6th over - 0 run(s), 1 hit(s), 0 error(s), 3 left on base; California 3 - Texas A&M 12
TOP OF THE 7TH
California Golden Bears batting - Pitching for Texas A&M Aggies : LHP Dan Riggs
Batting: SHB Dan Morse 0-0: Foul Ball, location: 2F
0-1: Foul Ball, location: 2F
0-2: Ball
1-2: Ball
2-2: Foul Ball, location: 2F
2-2: Ball
3-2: Foul Ball, location: 2F
3-2: Base on Balls
Batting: RHB Daniel Moody 0-0: Hit by Pitch
Dan Morse to second
Batting: RHB Mike Hammond 0-0: Called Strike
Dan Morse steals 3rd base
Daniel Moody to second
0-1: Ball
1-1: Ball
Wild Pitch!
Dan Morse scores
Daniel Moody to third
2-1: Ball
3-1: Called Strike
3-2: Foul Ball, location: 2F
3-2: Base on Balls
Batting: RHB Cisco Villa 0-0: Called Strike
0-1: Called Strike
Mike Hammond steals 2nd base
0-2: Foul Ball, location: 2F
0-2: Ball
1-2: Ball
2-2: SINGLE (Groundball, 6D)
Daniel Moody scores
Mike Hammond to third
Runner from 3rd tries for Home, SAFE, no throw
Pitching: RHP Jon Etheridge
Batting: RHB Johnny Phillips 0-0: Fly out, F3 (Popup, 3D)
Batting: RHB Cal Cox 0-0: Ball
1-0: Foul Ball, location: 2F
1-1: Called Strike
1-2: Strikes out swinging
Batting: RHB Sergio González 0-0: Foul Ball, location: 2F
0-1: Foul Ball, location: 2F
0-2: Foul Ball, location: 2F
0-2: Strikes out looking
Top of the 7th over - 3 run(s), 1 hit(s), 0 error(s), 1 left on base; California 6 - Texas A&M 12
BOTTOM OF THE 7TH
Texas A&M Aggies batting - Pitching for California Golden Bears : LHP Dexter Hubert
Batting: RHB Pat Thomas 0-0: Ball
1-0: Ball
2-0: Foul Ball, location: 2F
2-1: Called Strike
2-2: Foul Ball, location: 2F
2-2: Fly out, F8 (Flyball, 8RS)
Batting: RHB Irwin Robinson 0-0: Ball
1-0: Ball
2-0: Ball
3-0: Base on Balls
Pitching: RHP Ward Hunter
Batting: RHB Júlio Hobbs 0-0: Called Strike
0-1: Ball
1-1: Foul Ball, location: 2F
1-2: Ball
2-2: Ball
3-2: Ground out 5-3 (Groundball, 56S)
Irwin Robinson to second
Batting: LHB Edward Bennett 0-0: Called Strike
0-1: Ball
1-1: Ball
2-1: Ground out 4-3 (Groundball, 4)
Bottom of the 7th over - 0 run(s), 0 hit(s), 0 error(s), 1 left on base; California 6 - Texas A&M 12
TOP OF THE 8TH
California Golden Bears batting - Pitching for Texas A&M Aggies : RHP Jon Etheridge
Batting: LHB B.J. Ware 0-0: Called Strike
0-1: Ball
1-1: Foul Ball, location: 2F
1-2: Strikes out looking
Batting: RHB Phil Cabrera 0-0: Called Strike
0-1: Ball
1-1: Ball
2-1: SINGLE (Groundball, 4MD)
Batting: SHB Dan Morse 0-0: Ball
1-0: Ball
2-0: Ball
3-0: Base on Balls
Phil Cabrera to second
Batting: RHB Daniel Moody 0-0: Ball
1-0: Swinging Strike
1-1: Ball
2-1: Ball
3-1: Fly out, F9 (Line Drive, 9)
Batting: RHB Mike Hammond 0-0: Ball
1-0: Called Strike
1-1: Ball
2-1: 3-RUN HOME RUN (Flyball, 7D), Distance : 345 ft
Batting: RHB Cisco Villa 0-0: Ground out 5-3 (Groundball, 25)
Top of the 8th over - 3 run(s), 2 hit(s), 0 error(s), 0 left on base; California 9 - Texas A&M 12
BOTTOM OF THE 8TH
Texas A&M Aggies batting - Pitching for California Golden Bears : RHP Ward Hunter
Batting: RHB William Dyer 0-0: Ball
1-0: Fly out, F8 (Flyball, 8RD)
Batting: RHB Jason Lawson 0-0: Ball
1-0: Foul Ball, location: 2F
1-1: Fly out, F7 (Flyball, 7LMF)
Batting: RHB Anthony Graham 0-0: Called Strike
0-1: Called Strike
0-2: Ball
1-2: Strikes out swinging
Bottom of the 8th over - 0 run(s), 0 hit(s), 0 error(s), 0 left on base; California 9 - Texas A&M 12
TOP OF THE 9TH
California Golden Bears batting - Pitching for Texas A&M Aggies : RHP Jon Etheridge
Pitching: RHP Millard Bryant
Batting: RHB Johnny Phillips 0-0: Ground out 4-3 (Groundball, 4)
Batting: RHB Cal Cox 0-0: Ball
1-0: Swinging Strike
1-1: Swinging Strike
1-2: Strikes out swinging
Batting: RHB Sergio González 0-0: Foul Ball, location: 2F
0-1: Swinging Strike
0-2: Ball
1-2: Strikes out swinging
Top of the 9th over - 0 run(s), 0 hit(s), 0 error(s), 0 left on base; California 9 - Texas A&M 12
Tuesday, August 8th, 2017 - OOTP Baseball 17.12 Build 75